 Dungeon Crawl Stone Soup version 0.23.2 (webtiles) character file.

Game seed: 18176343139114470532

178 Marnok the Skirmisher (level 5, 0/46 HPs)
             Began as a Draconian Fighter on Apr 12, 2019.
             Slain by an adder (3 damage)
             ... on level 3 of the Dungeon.
             The game lasted 00:04:14 (2016 turns).

Marnok the Skirmisher (Draconian Fighter)           Turns: 2016, Time: 00:04:14

Health: 0/46       AC:  6    Str: 24    XL:     5   Next: 32%
Magic:  5/5        EV: 13    Int:  9    God:
Gold:   73         SH: 10    Dex: 10    Spells: 4/4 levels left

rFire    . . .     SeeInvis .   a - +0 trident
rCold    . . .     Gourm    .   b - +1 shield
rNeg     . . .     Faith    .   (armour unavailable)
rPois    .         Spirit   .   (helmet restricted)
rElec    .         Reflect  .   (no cloak)
rCorr    .         Harm     .   (no gloves)
MR       .....                  w - +0 pair of boots
Stlth    +.........             (no amulet)
HPRegen  0.15/turn              s - +2 ring of evasion
MPRegen  0.09/turn              (no ring)

@: mighty, lethally poisoned (0 -> -2)
A: unfitting armour, cold-blooded, AC +5
a: no special abilities


You were on level 3 of the Dungeon.
You were hungry.

You visited 1 branch of the dungeon, and saw 3 of its levels.

You collected 73 gold pieces.

Inventory:

Hand Weapons
 a - a +0 trident (weapon)
Armour
 b - a +1 shield (worn)
 w - a +0 pair of boots (worn)
Jewellery
 s - a +2 ring of evasion (left hand)
Scrolls
 e - 3 scrolls of teleportation {unknown}
 f - a scroll of fog {unknown}
 g - a scroll of immolation {unknown}
 h - a scroll of amnesia {unknown}
 o - a scroll of enchant armour
 q - a scroll of magic mapping {unknown}
 r - a scroll of blinking {unknown}
 t - a scroll of identify {unknown}
 u - a scroll of remove curse {unknown}
 x - a scroll of enchant weapon {unknown}
Potions
 c - 2 potions of might
 i - a potion of brilliance {unknown}
 j - a potion of heal wounds {unknown}
 k - a potion of degeneration {unknown}
 m - a potion of ambrosia {unknown}
 n - a potion of lignification {unknown}
 p - a potion of curing {unknown}
 v - a potion of flight {unknown}
Comestibles
 d - 3 rations


   Skills:
 + Level 3.9 Fighting
 + Level 3.7 Polearms
 + Level 3.5 Dodging
 + Level 0.7 Stealth
 + Level 3.9 Shields


You had 4 spell levels left.
You didn't know any spells.
Your spell library was empty.

Dungeon Overview and Level Annotations

Branches:
Dungeon (3/15)

Altars:
Makhleb


Innate Abilities, Weirdness & Mutations

Your plain brown scales are hard. (AC +5)
You cannot fit into any form of body armour.
You are cold-blooded and may be slowed by cold attacks.


Message History

The gnoll hits you from afar with a +0 spear!
* * * LOW HITPOINT WARNING * * *
What are your orders? t - Shout!
Orders for allies: a - Attack new target. r - Retreat! s - Stop attacking. g - Guard the area. f - Follow me.
Anything else - Cancel.
Retreat in which direction?
Press: ? - help, Dir - move target cursor, f - you
Okay, then.
Unknown command.
As you read the scroll labeled SOEVVU SERIOWO, it crumbles to dust.
It is a scroll of enchant armour.
Your +0 shield glows green for a moment.
You feel sick. The gnoll closely misses you.
The gnoll hits you from afar with a +0 spear!
* * * LOW HITPOINT WARNING * * *
The adder bites you.
You die...

#.≈≈.......≈≈.#
#..≈≈§§...≈§..#
#...≈§§§≈≈≈...#
#....§≈8≈≈....#
#....§§§......#
#.....§.......####
#...%.........#..#
#.............##'#
#@............#...
.....gKgS............÷..
.....g....#....####.....
..........#....####.....
..........#....#........
..........# ..#....####
.........## #....#
.........# ####.# #.#


You could see 3 gnolls, an adder and a kobold.

Vanquished Creatures
  3 iron imps (D:3)
  A gnoll (D:3)
  3 adders (D:2)
  4 dart slugs
  An orc (D:3)
  3 giant cockroaches
  7 goblins
  7 hobgoblins
  4 jackals (D:1)
  5 bats
  3 frilled lizards (D:1)
  2 kobolds (D:2)
  8 rats
51 creatures vanquished.

Notes
Turn   | Place    | Note
-------+----------+-------------------------------------------
     0 | D:1      | Marnok the Draconian Fighter began the quest for the Orb.
     0 | D:1      | Reached XP level 1. HP: 19/19 MP: 1/1
   172 | D:1      | Reached XP level 2. HP: 26/26 MP: 2/2
   729 | D:1      | Reached XP level 3. HP: 33/33 MP: 3/3
  1036 | D:2      | Found a faded altar of an unknown god.
  1087 | D:2      | Reached XP level 4. HP: 29/40 MP: 4/4
  1715 | D:3      | Found a burning altar of Makhleb.
  1741 | D:3      | Reached XP level 5. HP: 13/46 MP: 5/5
  2016 | D:3      | Slain by an adder

Skill      XL: |  1  2  3  4 |
---------------+-------------+-----
Dodging        | 3 |  3.5
Polearms       | 3 |  3.7
Fighting       | |  3.9
Stealth        | |  0.7
Shields        | |  3.9

Action                   |  1- 3 |  4- 6 || total
-------------------------+-------+-------++-------
Melee: Trident           |   103 |    50 ||   153
       Tailslap          |     4 |     3 ||     7
  Use: Potion            |       |     2 ||     2
       Scroll            |       |     1 ||     1
 Stab: Sleeping          |     1 |       ||     1
  Eat: Chunk             |       |     3 ||     3
Armor: Skin              |    26 |    18 ||    44
Dodge: Dodged            |    51 |    39 ||    90
Block: Shield            |    59 |    32 ||    91
